[Event "Early-Titled-Tuesday-Blitz-April-16-2024"]
[Site "Chess.com"]
[Date "2024.04.16"]
[Round "5"]
[White "Hui_Li_Macau"]
[Black "Agibileg"]
[Result "0-1"]
[WhiteElo "2412"]
[BlackElo "2763"]
[TimeControl "180+1"]
[EndTime "8:55:42 PDT"]
[Termination "Agibileg won on time"]

1. e4 c5 2. Nf3 e6 3. d4 cxd4 4. Nxd4 Nc6 5. Nc3 a6 6. Nxc6 bxc6 7. Bd3 d5 8. O-O Nf6 9. Re1 Be7 10. e5 Nd7 11.
Qg4 g6 12. Bh6 Qb6 13. Na4 Qb4 14. Qxb4 Bxb4 15. c3 Be7 16. c4 Bb7 17. b3 O-O-O 18.
Rad1 Kb8 19. h3 Rhe8 20. Bd2 h5 21. Ba5 Rc8 22. Nb6 Nxb6 23. Bxb6 Bb4 24. Re2 c5 25.
cxd5 exd5 26. a4 a5 27. Bb5 Re6 28. Bxa5 Bxa5 29. Bd7 d4 30. Bxe6 fxe6 31. f3 Bd5 32. Kh2 Ka7 33. Rd3 Bc3 34. Rc2 Bxb3 35. Rcxc3 dxc3 36. Rxc3 Bd5 37. g4 h4 38. Kg2 g5 0-1

[Event "Early-Titled-Tuesday-Blitz-April-16-2024"]
[Site "Chess.com"]
[Date "2024.04.16"]
[Round "5"]
[White "Durarbayli"]
[Black "Tagir45"]
[Result "1-0"]
[WhiteElo "2874"]
[BlackElo "2631"]
[TimeControl "180+1"]
[EndTime "8:55:43 PDT"]
[Termination "Durarbayli won on time"]

1. e4 c5 2. Nf3 d6 3. d4 cxd4 4. Nxd4 Nf6 5. Nc3 a6 6. h4 e5 7. Nf5 d5 8. Qf3 d4 9. Nd5 Nxd5 10. exd5 Nd7 11. Bd2 Nf6 12. Bc4 Bd6 13. Nxg7+ Kf8 14. Nf5 e4 15. Bh6+ Ke8 16. Nxd6+ Qxd6 17. Qf4 Qxf4 18.
Bxf4 Ng4 19. Rd1 e3 20. Rxd4 exf2+ 21. Ke2 Bf5 22. d6 Kd7 23. Bxf7 Rae8+ 24. Bxe8+ Rxe8+ 25. Kd2 Be4 26. Bg3 Bxg2 27. Rxg4 Bxh1 28. Rg7+ Ke6 29.
Bxf2 Kxd6 30. Rxh7 Be4 31. Rh6+ Re6 32. Rxe6+ Kxe6 33. h5 Kd5 34. h6 Bh7 35. Bb6 Kc6 36. Ba5 Kd5 37. c3 Kc6 38. Ke3 Kd5 39. Kf4 Ke6 40. Bb6 Bb1 41. Be3 Kf7 42. a3 Ke6 43.
c4 Bh7 44. b4 Bd3 45. b5 axb5 46.
cxb5 Kf7 47. a4 Bc2 48. a5 Bd3 49. a6 1-0

[Event "Early-Titled-Tuesday-Blitz-April-16-2024"]
[Site "Chess.com"]
[Date "2024.04.16"]
[Round "5"]
[White "MITerryble"]
[Black "chito89"]
[Result "0-1"]
[WhiteElo "3048"]
[BlackElo "2735"]
[TimeControl "180+1"]
[EndTime "8:55:44 PDT"]
[Termination "chito89 won by resignation"]

1. d4 Nf6 2. Bg5 d5 3. e3 c5 4. c3 Nbd7 5. Nf3 g6 6. Nbd2 Bg7 7. Bd3 O-O 8. O-O b6 9. Qe2 Bb7 10. h3 Ne4 11. Bf4 e6 12. Rfd1 Qe7 13. Ba6 Ndf6 14. a4 c4 15. Bxb7 Qxb7 16. Nxe4 Nxe4 17. Nd2 Nf6 18. e4 Nxe4 19. Nxe4 dxe4 20. Qxc4 Rac8 21. Qe2 Rfd8 22. Re1 f5 23. f3 e5 24. dxe5 exf3 25. gxf3 Re8 26. Rad1 Re6 27. Rd6 Rce8 28. Qc4 Kf7 29.
Red1 Qxf3 30. R1d3 Qe4 31. R3d4 Qe1+ 32. Kg2 Bxe5 33. Bxe5 Qxe5 34. Rd2 0-1

[Event "Early-Titled-Tuesday-Blitz-April-16-2024"]
[Site "Chess.com"]
[Date "2024.04.16"]
[Round "5"]
[White "ccccvhhhj"]
[Black "sonicdravise"]
[Result "0-1"]
[WhiteElo "2437"]
[BlackElo "2600"]
[TimeControl "180+1"]
[EndTime "8:55:44 PDT"]
[Termination "sonicdravise won on time"]

1. e4 g6 2. d4 Bg7 3. Nc3 d6 4. f3 a6 5. Be3 b5 6. Qd2 Nf6 7. O-O-O h5 8. h4 b4 9. Nce2 a5 10. Kb1 Nbd7 11. Nh3 Nb6 12. Nc1 Ba6 13. Bxa6 Rxa6 14.
Qe2 Qc8 15. Ng5 Nfd7 16. f4 d5 17. f5 gxf5 18. exf5 Nc4 19. Bf4 Qb7 20. Rhe1 Bf6 21. Be5 Ndxe5 22. dxe5 Bxe5 23. Rxd5 Qxd5 24. Nd3 Bf6 25.
Nf4 Na3+ 26. bxa3 Qd4 27. Qb5+ Kf8 28. Kc1 Qxf4+ 29. Kd1 Rd6+ 0-1

[Event "Early-Titled-Tuesday-Blitz-April-16-2024"]
[Site "Chess.com"]
[Date "2024.04.16"]
[Round "5"]
[White "MaxLeto"]
[Black "campochess"]
[Result "0-1"]
[WhiteElo "2399"]
[BlackElo "2221"]
[TimeControl "180+1"]
[EndTime "8:55:45 PDT"]
[Termination "campochess won on time"]

1. e3 d5 2. d3 e5 3. c3 f5 4. b3 Nf6 5. a3 b6 6. f3 Bb7 7.
g3 Nbd7 8. h3 Bd6 9. Bg2 O-O 10.
Ne2 c5 11. Bb2 Qc7 12. Nd2 e4 13. Nf4 Bxf4 14. gxf4 exd3 15. c4 Rae8 16. Kf2 Rf7 17. Nf1 dxc4 18. bxc4 Rfe7 19. Qxd3 Nf8 20. Qxf5 Bc8 21.
Qc2 Ng6 22. h4 Nh5 23. f5 Ngf4 24. Rd1 Nxg2 25. Kxg2 Rxe3 26. Rd2 Re1 27. Rg1 Nf4+ 28. Kf2 Nh5 29. Rg2 Qf4 30. f6 Nxf6 31. Bxf6 Qxf6 32.
Ng3 Bh3 33. Rh2 Bc8 34. Qd3 Bb7 35. h5 Qf4 36. h6 R1e3 37. Qd7 Qxf3+ 38. Kg1 Re1+ 0-1

[Event "Early-Titled-Tuesday-Blitz-April-16-2024"]
[Site "Chess.com"]
[Date "2024.04.16"]
[Round "5"]
[White "RojonR"]
[Black "Kostukov_Alex"]
[Result "1-0"]
[WhiteElo "2542"]
[BlackElo "2285"]
[TimeControl "180+1"]
[EndTime "8:55:46 PDT"]
[Termination "RojonR won by checkmate"]

1. e4 c5 2. Nf3 g6 3. d4 cxd4 4.
Qxd4 Nf6 5. e5 Nc6 6. Qa4 Nd5 7.
Qe4 Ndb4 8. Bb5 Qa5 9. Nc3 a6 10. Bxc6 bxc6 11. O-O Bg7 12. Bd2 Nd5 13. Nxd5 Qxd5 14.
Qxd5 cxd5 15. Bb4 Rb8 16. Ba3 f6 17. Rfe1 e6 18. Rac1 Bf8 19. Bxf8 Rxf8 20. b3 Bb7 21. Nd4 fxe5 22. Rxe5 Rf4 23. c3 Rc8 24. Ne2 Rf6 25.
f4 Ke7 26. g3 Kd6 27. Kf2 a5 28. c4 Rff8 29. Nd4 dxc4 30. bxc4 Rc5 31. Nb5+ Kc6 32. Na7+ Kb6 33. Rb1+ Kxa7 34. Rxc5 Ka6 35. Rc7 Bc6 36. c5 g5 37. Rb6# 1-0

[Event "Early-Titled-Tuesday-Blitz-April-16-2024"]
[Site "Chess.com"]
[Date "2024.04.16"]
[Round "5"]
[White "Slovineanu"]
[Black "Caroexpert"]
[Result "1-0"]
[WhiteElo "2511"]
[BlackElo "2672"]
[TimeControl "180+1"]
[EndTime "8:55:47 PDT"]
[Termination "Slovineanu won on time"]

1. d4 g6 2. Nf3 d6 3. e4 Bg7 4.
Nc3 Nf6 5. Be3 O-O 6. Qd2 Ng4 7.
Bg5 Nc6 8. h3 Nf6 9. Bh6 Re8 10.
Bxg7 Kxg7 11. O-O-O e6 12. Bd3 e5 13. Ne2 exd4 14.
Ng3 d5 15. Rhe1 Be6 16. e5 Nd7 17. Bb5 Ne7 18. Nxd4 c6 19. Bd3 c5 20. Nxe6+ fxe6 21.
f4 c4 22. Bxc4 Rc8 23. Bd3 Nc5 24. h4 h5 25. Ne2 Qb6 26. Qe3 Nxd3+ 27. Qxd3 Nf5 28.
Nd4 Nxh4 29. g4 hxg4 30. Rg1 Rc4 31. c3 1-0

[Event "Early-Titled-Tuesday-Blitz-April-16-2024"]
[Site "Chess.com"]
[Date "2024.04.16"]
[Round "5"]
[White "tsaruk_maks"]
[Black "Vesper2018"]
[Result "1-0"]
[WhiteElo "2723"]
[BlackElo "2550"]
[TimeControl "180+1"]
[EndTime "8:55:48 PDT"]
[Termination "tsaruk_maks won by resignation"]

1. e4 c5 2. Nf3 d6 3. d4 cxd4 4. Nxd4 Nf6 5. Nc3 a6 6. g3 e5 7. Nb3 Be7 8. Bg2 b5 9. O-O O-O 10. a4 bxa4 11. Rxa4 Bb7 12. Na5 Qc7 13. Bg5 Nbd7 14.
Qa1 Nb6 15. Ra2 Bc8 16. Rd1 Be6 17. Bxf6 Bxf6 18. b3 g6 19. Nd5 Bxd5 20. exd5 Bg7 21. Nc6 e4 22. Qc1 f5 23. c4 f4 24. Bxe4 Rae8 25. Bg2 f3 26. Bh3 Re4 27. Rxa6 Nc8 28. Ra8 Kh8 29. Re1 Re2 30. Rxe2 fxe2 31. Qe1 Ne7 32. Ra7 Qxa7 33. Nxa7 Bd4 34. Nb5 Bxf2+ 35. Qxf2 Rxf2 36. Kxf2 1-0

[Event "Early-Titled-Tuesday-Blitz-April-16-2024"]
[Site "Chess.com"]
[Date "2024.04.16"]
[Round "5"]
[White "Bwert2602"]
[Black "stepanosinovsky"]
[Result "1-0"]
[WhiteElo "2270"]
[BlackElo "2395"]
[TimeControl "180+1"]
[EndTime "8:55:48 PDT"]
[Termination "Bwert2602 won on time"]

1. d4 Nf6 2. Nc3 g6 3. Bg5 d5 4. Qd2 Bg7 5. Bh6 Bxh6 6. Qxh6 Nc6 7. O-O-O b6 8. f3 Bb7 9. e4 dxe4 10. Bb5 a6 11. d5 Nxd5 12. Rxd5 Qc8 13. Ba4 b5 14. Bb3 Na5 15. Rd2 exf3 16. Nxf3 Nxb3+ 17. axb3 Qf5 18. Re1 Qf6 19. Ne4 Bxe4 20. Rxe4 Rd8 21. Rde2 Rd7 22. Kb1 e6 23. Ng5 Kd8 24. Qh4 Qf1+ 25. Re1 Rd1+ 26. Ka2 Rxe1 27. Rxe1 1-0

[Event "Early-Titled-Tuesday-Blitz-April-16-2024"]
[Site "Chess.com"]
[Date "2024.04.16"]
[Round "5"]
[White "crazy_but_lazy"]
[Black "Shivananda1964"]
[Result "1-0"]
[WhiteElo "2555"]
[BlackElo "2349"]
[TimeControl "180+1"]
[EndTime "8:55:49 PDT"]
[Termination "crazy_but_lazy won on time"]

1. e4 Nc6 2. Nf3 e5 3. Nc3 g6 4. Bc4 Bg7 5. d3 h6 6. Be3 Na5 7. Bb5 c6 8. Ba4 b5 9. Bb3 d6 10. Qd2 Nf6 11. h3 Nxb3 12. axb3 Qc7 13. O-O a5 14. b4 Be6 15. d4 O-O 16. Bxh6 axb4 17. Bxg7 Kxg7 18. dxe5 dxe5 19. Ne2 Rxa1 20. Rxa1 b3 21.
cxb3 Nxe4 22. Qe3 Bd5 23. b4 Qd6 24. Nc3 Qxb4 25. Nxe4 Bxe4 26. Nd2 Bd5 27. Qxe5+ Kg8 28. Nf1 1-0

[Event "Early-Titled-Tuesday-Blitz-April-16-2024"]
[Site "Chess.com"]
[Date "2024.04.16"]
[Round "5"]
[White "LikeWater"]
[Black "Smiechu"]
[Result "1-0"]
[WhiteElo "2584"]
[BlackElo "2370"]
[TimeControl "180+1"]
[EndTime "8:55:49 PDT"]
[Termination "LikeWater won by resignation"]

1. e4 c5 2. Nf3 g6 3. Bc4 Nc6 4. O-O Bg7 5. a3 d6 6. h3 e6 7.
d3 Nge7 8. Ba2 O-O 9. Re1 Rb8 10. Nbd2 b5 11. c3 b4 12. axb4 cxb4 13. d4 bxc3 14.
bxc3 d5 15. Ba3 Re8 16. Bc5 e5 17. Ng5 h6 18. Nxf7 Kxf7 19. exd5 Kg8 20. d6+ Kh7 21. dxe7 Nxe7 22. dxe5 Nd5 23. Qf3 Bb7 24. Bd6 Nb4 25. Qf7 Nc2 26. Bb1 Bd5 27. Qxd5 Nxe1 28. Bxg6+ Kxg6 29. Rxa7 Rf8 30. Qe4+ Rf5 31. g4 Qg5 32. h4 Qf4 33. gxf5+ Qxf5 34. h5+ Kg5 35. Rxg7+ 1-0

[Event "Early-Titled-Tuesday-Blitz-April-16-2024"]
[Site "Chess.com"]
[Date "2024.04.16"]
[Round "5"]
[White "vladgoncharov"]
[Black "scarabee43"]
[Result "0-1"]
[WhiteElo "2610"]
[BlackElo "2832"]
[TimeControl "180+1"]
[EndTime "8:55:50 PDT"]
[Termination "scarabee43 won on time"]

1. d4 Nf6 2. c4 e6 3. Nc3 d5 4.
cxd5 exd5 5. Bg5 Be7 6. e3 h6 7. Bh4 Bg4 8. Qb3 Nbd7 9. Bg3 Nb6 10. Nb5 O-O 11. Bxc7 Qd7 12. Bd3 Nc4 13. Bg3 Rfc8 14. Ne2 Ne4 15. Rd1 Rc6 16. Bxc4 dxc4 17. Qc2 Bf5 18. Qc1 h5 19. h3 h4 20. Bf4 Rg6 21. Kf1 Qxb5 22. f3 Ng3+ 23. Nxg3 hxg3 24. Kg1 Bd3 25.
h4 Qh5 26. b3 b5 27. bxc4 bxc4 28. Qb2 Rb6 29. Qc1 Rb1 30. Qd2 Bb4 31. Qxd3 cxd3 32.
Rxb1 d2 33. Bxg3 Rc8 34. Kh2 Ba3 35. Rb3 Rc1 36. Rd3 Rxh1+ 37. Kxh1 Qg6 38. Rxd2 Qxg3 39. Rd3 Bd6 0-1

[Event "Early-Titled-Tuesday-Blitz-April-16-2024"]
[Site "Chess.com"]
[Date "2024.04.16"]
[Round "5"]
[White "Karttunen"]
[Black "2Coaches1Profile"]
[Result "0-1"]
[WhiteElo "2684"]
[BlackElo "2551"]
[TimeControl "180+1"]
[EndTime "8:55:50 PDT"]
[Termination "2Coaches1Profile won by resignation"]

1. e4 Nf6 2. e5 Nd5 3. c4 Nb6 4. d4 d6 5. f4 g6 6. Be3 Bg7 7. Nc3 Be6 8. b3 O-O 9. Rc1 dxe5 10. fxe5 c5 11. d5 Bf5 12. g4 Bc8 13. e6 fxe6 14. Bg2 exd5 15. Bxd5+ Nxd5 16. Qxd5+ Qxd5 17. Nxd5 Nc6 18. Bxc5 Bxg4 19. Ne2 b6 20. Be3 e6 21. Nc7 Rac8 22. Nb5 Nb4 23. Rd1 Nc2+ 24. Kd2 Nxe3 25.
Kxe3 Bh6+ 26. Kd3 Rcd8+ 27. Ned4 e5 28. Rde1 exd4 29. Re7 Bf5+ 30. Ke2 d3+ 31. Kd1 d2 32. h3 Rfe8 33. Rxe8+ Rxe8 34. Nd4 Re1+ 35. Rxe1 dxe1=Q+ 36. Kxe1 Bxh3 37. b4 Bd7 38. c5 bxc5 39. bxc5 Be3 40. c6 Bxd4 41. cxd7 Bb6 0-1

[Event "Early-Titled-Tuesday-Blitz-April-16-2024"]
[Site "Chess.com"]
[Date "2024.04.16"]
[Round "5"]
[White "NastyaHn"]
[Black "MKlose11"]
[Result "1-0"]
[WhiteElo "2487"]
[BlackElo "2612"]
[TimeControl "180+1"]
[EndTime "8:55:50 PDT"]
[Termination "NastyaHn won on time"]

1. Nc3 Nf6 2. e4 e5 3. Nf3 d6 4. d4 exd4 5. Nxd4 Be7 6. Be2 O-O 7. Be3 c6 8. Qd2 b6 9. O-O-O b5 10. Bf3 b4 11.
Nce2 Qa5 12. Kb1 Bb7 13. Nf5 Re8 14. Bd4 h6 15. Qf4 Nbd7 16. Qg3 g6 17. Nxh6+ Kh7 18. Nxf7 c5 19. Ng5+ Kg8 20. Be3 Ne5 21. Nf4 b3 22. cxb3 c4 23. Nge6 cxb3 24. a3 Nxe4 25. Bxe4 Bxe4+ 26. Ka1 Bf6 27. h4 1-0

[Event "Early-Titled-Tuesday-Blitz-April-16-2024"]
[Site "Chess.com"]
[Date "2024.04.16"]
[Round "5"]
[White "PonyQueen07"]
[Black "AsaHoffmann"]
[Result "1-0"]
[WhiteElo "2215"]
[BlackElo "2387"]
[TimeControl "180+1"]
[EndTime "8:55:51 PDT"]
[Termination "PonyQueen07 won by resignation"]

1. c4 Nf6 2. Nc3 d6 3. g3 c6 4.
Bg2 e5 5. d3 Be7 6. e4 Be6 7.
Nge2 d5 8. cxd5 cxd5 9. exd5 Nxd5 10. Be3 Nxe3 11. fxe3 Qb6 12. Qd2 Bg5 13. d4 Nc6 14.
Na4 Qc7 15. O-O exd4 16. Nxd4 Nxd4 17. Qxd4 O-O 18. Kh1 Rfd8 19. Qc5 Qxc5 20. Nxc5 Bd5 21. e4 Bc6 22. Rfd1 Bf6 23. Nd3 Re8 24. e5 Bxe5 25.
Nxe5 Bxg2+ 26. Kxg2 Rxe5 27. Re1 Rxe1 28. Rxe1 Kf8 29. Rc1 Rb8 30. Rc7 a6 31. Kf3 g6 32.
b4 Kg7 33. a4 b6 34. b5 axb5 35. axb5 h5 36. h4 Kf6 37. Kf4 Ke6 38. Rc6+ Kd5 39.
Kg5 Ke4 40. Kf6 Kf3 41. Kxf7 Kxg3 42. Rc4 Rd8 43. Kxg6 Rd5 44. Rb4 Rc5 45. Kh6 Kh3 46.
Kg6 Rd5 47. Kh6 Kg3 48. Kg6 Kf3 49. Kh6 Ke3 50. Rb1 Kd3 51. Rd1+ Kc4 52. Rxd5 Kxd5 53.
Kxh5 Kc5 54. Kg6 Kxb5 55. h5 Kc4 56. h6 b5 57. h7 b4 58. h8=Q b3 59. Qb2 Kb4 60. Kf5 Kc4 61. Ke4 1-0

[Event "Early-Titled-Tuesday-Blitz-April-16-2024"]
[Site "Chess.com"]
[Date "2024.04.16"]
[Round "5"]
[White "Salem-AR"]
[Black "Makswolf200817"]
[Result "1-0"]
[WhiteElo "3027"]
[BlackElo "2788"]
[TimeControl "180+1"]
[EndTime "8:55:52 PDT"]
[Termination "Salem-AR won on time"]

1. d4 d5 2. Nf3 Nf6 3. e3 e6 4. Bd3 c5 5. b3 cxd4 6. exd4 Nc6 7. O-O g6 8. Re1 Bg7 9. Ba3 Ne7 10. c4 O-O 11.
Nc3 Re8 12. Rc1 Bd7 13. Ne5 Bc6 14. Bb1 Rc8 15. Qe2 dxc4 16. bxc4 Nf5 17. Bxf5 exf5 18. Rcd1 Qa5 19. Qb2 Be4 20. f3 Bc6 21. Qb4 Qa6 22.
Bb2 Nd7 23. f4 Nf6 24. d5 Bd7 25. a4 Bf8 26. Qb3 Bc5+ 27. Kh1 Ng4 28. Nxg4 fxg4 29. Ne4 Be7 30. d6 Bd8 31. Qc3 f6 32.
Nxf6+ Bxf6 33. Qxf6 1-0

[Event "Early-Titled-Tuesday-Blitz-April-16-2024"]
[Site "Chess.com"]
[Date "2024.04.16"]
[Round "5"]
[White "ActorXu"]
[Black "CrushingKings"]
[Result "1-0"]
[WhiteElo "2846"]
[BlackElo "2598"]
[TimeControl "180+1"]
[EndTime "8:55:52 PDT"]
[Termination "ActorXu won by resignation"]

1. e4 g6 2. d4 Bg7 3. Nc3 c6 4. f4 d5 5. e5 Nh6 6. Nf3 O-O 7. Be2 f6 8. Be3 Bg4 9. O-O Nf5 10. Bf2 fxe5 11. fxe5 e6 12. h3 Bxf3 13. Bxf3 c5 14. Ne2 Nc6 15. c3 cxd4 16. cxd4 Qb6 17.
Qd3 Nb4 18. Qb3 Rac8 19. Rac1 Bh6 20. Rxc8 Rxc8 21. g4 Ne7 22. h4 Re8 23. g5 Bg7 24. Ng3 Rf8 25. Bg4 Rf4 26. Bxe6+ Qxe6 27. Qxb4 Rxh4 28.
Be1 Bxe5 29. Qxb7 Bxd4+ 30. Bf2 Qh3 31. Qa8+ 1-0

[Event "Early-Titled-Tuesday-Blitz-April-16-2024"]
[Site "Chess.com"]
[Date "2024.04.16"]
[Round "5"]
[White "manitodeplomo"]
[Black "MathiasWomacka"]
[Result "1/2-1/2"]
[WhiteElo "2636"]
[BlackElo "2487"]
[TimeControl "180+1"]
[EndTime "8:55:52 PDT"]
[Termination "Game drawn by repetition"]

1. d4 Nf6 2. c4 e6 3. Nf3 Bb4+ 4. Bd2 Qe7 5. g3 Bxd2+ 6. Qxd2 Nc6 7. Nc3 d5 8. cxd5 exd5 9. Bg2 Bg4 10. O-O O-O-O 11.
Rfc1 Kb8 12. e3 h5 13. Na4 Ne4 14. Qe1 Qf6 15. Nd2 Nxd2 16. Qxd2 h4 17. Rc5 hxg3 18.
fxg3 Ne7 19. Rf1 Qh6 20. Bf3 Bxf3 21. Rxf3 f6 22. Nc3 c6 23. Nd1 Nc8 24. Rc2 Nd6 25. Nc3 Rde8 26. Qf2 Ne4 27. Nxe4 Rxe4 28. Rf4 Rhe8 29.
Rxe4 Rxe4 30. Re2 a6 31. a3 Ka7 32. Kg2 Qg6 33. Qf3 Re7 34. Rf2 Qd3 35. Re2 f5 36. Kf2 g6 37. Qf4 Re6 38. h4 Qb1 39. Qc7 Qh1 40. Qf4 Qh2+ 41. Kf1 Qh1+ 42. Kf2 Re4 43.
Qd6 Qh2+ 44. Ke1 Qg1+ 45. Kd2 Rg4 46. Qc5+ Ka8 47. Qf8+ Ka7 48. Qc5+ Kb8 49. Qd6+ Ka8 50. Qf8+ Ka7 51. Qc5+ 1/2-1/2

[Event "Early-Titled-Tuesday-Blitz-April-16-2024"]
[Site "Chess.com"]
[Date "2024.04.16"]
[Round "5"]
[White "Elnaz_Kaliakhmet"]
[Black "Donskov_AN"]
[Result "0-1"]
[WhiteElo "2557"]
[BlackElo "2388"]
[TimeControl "180+1"]
[EndTime "8:55:52 PDT"]
[Termination "Donskov_AN won by checkmate"]

1. d4 Nf6 2. c4 e6 3. Nf3 d5 4. Nc3 Be7 5. g3 dxc4 6. Bg2 Nc6 7. O-O Nd5 8. Qa4 Nb6 9. Qc2 O-O 10. Rd1 Bd7 11. e4 Nb4 12. Qb1 Nd3 13. Ne1 Nxc1 14. Qxc1 Bc6 15. Nc2 Na4 16. Ne3 Nxc3 17. Qxc3 a5 18.
Nxc4 Bf6 19. Rac1 a4 20. Qe3 Bb5 21. e5 Bg5 22. f4 Bxc4 23. Rxc4 Be7 24. Rdc1 c6 25. a3 Qa5 26. Qc3 Qxc3 27. R1xc3 Rfd8 28. Kf2 g6 29. Bf3 h5 30. Bd1 b5 31. Rxc6 Rxd4 32.
Be2 Rd2 33. Rc7 Bf8 34. Rb7 Rxb2 35. Rcc7 Rd8 36. Ke3 Rb3+ 37. Ke4 Bxa3 38. Rxf7 Bc5 39. Rg7+ Kf8 40. Rbf7+ Ke8 41. Rg8+ Kxf7 42. Rxd8 Re3# 0-1

[Event "Early-Titled-Tuesday-Blitz-April-16-2024"]
[Site "Chess.com"]
[Date "2024.04.16"]
[Round "5"]
[White "chess_blitz00"]
[Black "Yeritsyaan"]
[Result "0-1"]
[WhiteElo "2507"]
[BlackElo "2661"]
[TimeControl "180+1"]
[EndTime "8:55:53 PDT"]
[Termination "Yeritsyaan won by checkmate"]

1. b3 e5 2. Bb2 Nc6 3. g3 g6 4. Bg2 Bg7 5. Nf3 Nge7 6. O-O d5 7.
d3 O-O 8. e4 d4 9. a4 a5 10.
Na3 h6 11. Nc4 f5 12. exf5 Bxf5 13. Nfd2 Nd5 14. Ne4 b6 15. Qe2 Qd7 16. Rae1 Rae8 17. Qd2 Bh3 18. Qe2 Bxg2 19. Kxg2 Qf5 20. Kh1 g5 21. Ned2 Nc3 22. Qh5 Nb4 23. Rc1 Nca2 24. Ra1 Nc3 25. Bxc3 dxc3 26. Ne3 Qe6 27. Ne4 Qc6 28.
Rae1 Re7 29. Kg1 Ref7 30. Re2 Na6 31. Nd1 Nc5 32. Ndxc3 Ne6 33. Re3 Nd4 34. Qd1 Qe6 35. Kg2 g4 36. Nd2 h5 37. Nce4 Bh6 38. f4 gxf3+ 39. Rexf3 Nxf3 40. Rxf3 Bxd2 41. Rxf7 Qxf7 42. Qxd2 Qf1# 0-1

[Event "Early-Titled-Tuesday-Blitz-April-16-2024"]
[Site "Chess.com"]
[Date "2024.04.16"]
[Round "5"]
[White "Ginger_GM"]
[Black "KuzubovYuriy"]
[Result "0-1"]
[WhiteElo "2654"]
[BlackElo "2918"]
[TimeControl "180+1"]
[EndTime "8:55:54 PDT"]
[Termination "KuzubovYuriy won by resignation"]

1. d4 d5 2. Nc3 Bf5 3. Bf4 e6 4. e3 Bd6 5. Nf3 Ne7 6. h4 Nd7 7. Bd3 Bxd3 8. Qxd3 h5 9. O-O-O a6 10. Bxd6 cxd6 11.
e4 dxe4 12. Nxe4 Nb6 13. Nfg5 Qc7 14. Rhe1 Ned5 15. Nxf7 Kxf7 16. Ng5+ Kg8 17. Nxe6 Qd7 18. Re4 Rh6 19. Rde1 Rxe6 20. Rxe6 Nf4 21. Qb3 Nxe6 22.
Rxe6 Kh8 23. f4 Rf8 24. g3 Qc6 25. Qe3 Rc8 26. c3 Nd5 27. Qe2 Nf6 28. a3 Qd5 29. Kb1 Qf5+ 30. Ka2 Qd5+ 31. Ka1 Kg8 32. Re8+ Rxe8 0-1

[Event "Early-Titled-Tuesday-Blitz-April-16-2024"]
[Site "Chess.com"]
[Date "2024.04.16"]
[Round "5"]
[White "Der_Balak_3Halak"]
[Black "GlavkonVVS"]
[Result "1-0"]
[WhiteElo "2446"]
[BlackElo "2576"]
[TimeControl "180+1"]
[EndTime "8:55:54 PDT"]
[Termination "Der_Balak_3Halak won on time"]

1. e4 Nf6 2. e5 Nd5 3. c4 Nb6 4. c5 Nd5 5. Bc4 e6 6. d4 b6 7. cxb6 axb6 8. Bxd5 exd5 9. Nc3 c6 10. h4 Be7 11.
Nf3 Ba6 12. Bg5 h6 13. Bxe7 Qxe7 14. Ne2 d6 15. O-O Nd7 16. Re1 O-O 17. Ng3 dxe5 18.
dxe5 Nc5 19. Nf5 Qd7 20. N3d4 Kh7 21. h5 g6 22. e6 Nxe6 23. hxg6+ fxg6 24. Rxe6 Rxf5 25. Rxc6 Rg5 26. Rac1 Ra7 27. Ne6 Rf5 28. Rc7 Rxc7 29. Rxc7 Qxc7 30. Nxc7 Bb7 31. Qe2 Rf7 32. Ne6 Kg8 33. Qe5 Re7 34. Qb8+ Kf7 35. Nd8+ Kf6 36. Qd6+ 1-0

[Event "Early-Titled-Tuesday-Blitz-April-16-2024"]
[Site "Chess.com"]
[Date "2024.04.16"]
[Round "5"]
[White "Titus369"]
[Black "MomchilPetkov"]
[Result "0-1"]
[WhiteElo "2656"]
[BlackElo "2937"]
[TimeControl "180+1"]
[EndTime "8:55:55 PDT"]
[Termination "MomchilPetkov won on time"]

1. e4 c5 2. Nf3 Nc6 3. d4 cxd4 4.
Nxd4 e5 5. Nb5 d6 6. N5c3 Be6 7. Nd5 Rc8 8. Nbc3 a6 9. Be3 g6 10. Bb6 Qd7 11. Be3 Rb8 12. a4 Bg7 13. Be2 Nf6 14. Bh6 O-O 15. Nxf6+ Bxf6 16. Bxf8 Rxf8 17. h4 Nd4 18. h5 Bg5 19. Nd5 Bxd5 20. exd5 Qf5 21. Bd3 e4 22. Be2 Qe5 23. c3 Nf5 24. O-O e3 25. Bd3 exf2+ 26. Rxf2 Be3 27. Bxf5 Qxf5 28. Qe2 Bxf2+ 29. Qxf2 Qxh5 30. Qd4 Re8 31. Rf1 Qg5 32. Qf2 Qxd5 33. b4 Qe6 34. a5 h5 35. Qf3 Re7 36. Rd1 Qe5 37. Rd3 Qe1+ 38. Kh2 Re4 39. g3 Re2+ 40.
Kh3 Rf2 41. Qd5 Rf5 42. Qg2 Qe6 43. Kh2 Re5 44. Rd2 Re4 45. Qf3 h4 46. gxh4 Rxh4+ 47. Kg3 Rh3+ 48. Kg2 Rxf3 0-1

[Event "Early-Titled-Tuesday-Blitz-April-16-2024"]
[Site "Chess.com"]
[Date "2024.04.16"]
[Round "5"]
[White "Viktoker"]
[Black "PawnEatingZombie"]
[Result "1-0"]
[WhiteElo "2453"]
[BlackElo "2246"]
[TimeControl "180+1"]
[EndTime "8:55:55 PDT"]
[Termination "Viktoker won on time"]

1. d4 Nf6 2. c4 g6 3. Nc3 Bg7 4.
e4 d6 5. Be2 O-O 6. Be3 Nc6 7. d5 Ne5 8. h3 c6 9. Nf3 Nxf3+ 10.
Bxf3 cxd5 11. exd5 Bd7 12. O-O a6 13. Bd4 Qc7 14.
b3 b5 15. cxb5 axb5 16. Rc1 Qb7 17. Re1 Rfe8 18. Ne4 Nxe4 19. Bxg7 Kxg7 20. Rxe4 Rxa2 21. Qd4+ Kg8 22. Rce1 Bf5 23. Rh4 Qa7 24. Qxa7 Rxa7 25. Rb4 Bd7 26. Rc1 Ra2 27. Rc7 Rd8 28. g4 g5 29. Kg2 Kg7 30. Re4 Kf6 31. Re3 Rb2 32. Be4 h6 33. Rf3+ Ke5 34. Re3 Kd4 35. Bf3 e6 36. Re1 exd5 37. Rd1+ Ke5 38. Rxd5+ Ke6 39. Rd3 f6 40. Re3+ Kf7 41. Bc6 1-0

[Event "Early-Titled-Tuesday-Blitz-April-16-2024"]
[Site "Chess.com"]
[Date "2024.04.16"]
[Round "5"]
[White "teresin05"]
[Black "masterofpuppets2"]
[Result "1-0"]
[WhiteElo "2328"]
[BlackElo "2458"]
[TimeControl "180+1"]
[EndTime "8:55:55 PDT"]
[Termination "teresin05 won by resignation"]

1. e4 e5 2. Nf3 Nc6 3. d4 exd4 4. Nxd4 Nf6 5. Nxc6 bxc6 6. e5 Qe7 7. Qe2 Nd5 8. g3 g6 9. c4 Ba6 10. b3 Bg7 11.
Bb2 O-O 12. Bg2 Rae8 13. O-O Bxe5 14. Qxe5 Qxe5 15. Bxe5 Rxe5 16. cxd5 Bxf1 17. Kxf1 cxd5 18. f4 Re3 19. Bxd5 Rfe8 20. Nd2 Rd3 21. Ne4 Kg7 22.
Bc4 Rd4 23. Ng5 d5 24. Bb5 Re3 25.
Rc1 h6 26. Nf3 Rb4 27. Be2 d4 28. Rxc7 d3 29. Bd1 a5 30. Kf2 Rbe4 31. Rd7 Kf8 32.
Ne5 f6 33. Nxd3 Ke8 34. Rd5 Ke7 35. Nc5 Re6 36. Nxe6 Rxe6 37. Rxa5 Rd6 38. Be2 Rd2 39. a4 g5 40. fxg5 hxg5 41. Rb5 Ra2 42. a5 Kd6 43. a6 Kc6 44. Rb4 Kc5 45. Ra4 Kd5 46. Rxa2 1-0

[Event "Early-Titled-Tuesday-Blitz-April-16-2024"]
[Site "Chess.com"]
[Date "2024.04.16"]
[Round "5"]
[White "David_George21"]
[Black "shirovin"]
[Result "1-0"]
[WhiteElo "2307"]
[BlackElo "2047"]
[TimeControl "180+1"]
[EndTime "8:55:55 PDT"]
[Termination "David_George21 won on time"]

1. e4 Nf6 2. e5 Nd5 3. d4 d6 4.
Nf3 dxe5 5. dxe5 Bf5 6. Bc4 e6 7. O-O Nc6 8. c3 Be7 9. Nbd2 O-O 10. h3 Nb6 11. Bb3 Qd3 12. Re1 Rad8 13. Re3 Qd7 14. Bc2 Bc5 15. Re2 Bd3 16. Bxd3 Qxd3 17.
Qe1 a5 18. Ne4 Be7 19. Bf4 Nc4 20. b3 Na3 21. Rd2 Qa6 22. Rad1 a4 23. g4 axb3 24. axb3 Qb6 25. b4 Nc4 26. Rd7 Qb5 27. Qe2 Na3 28.
Qxb5 Nxb5 29. c4 Rxd7 30. Rxd7 Nba7 31. b5 Nb4 32. Rxe7 1-0

[Event "Early-Titled-Tuesday-Blitz-April-16-2024"]
[Site "Chess.com"]
[Date "2024.04.16"]
[Round "5"]
[White "Kirill_Klukin"]
[Black "dmosesov"]
[Result "0-1"]
[WhiteElo "2821"]
[BlackElo "2633"]
[TimeControl "180+1"]
[EndTime "8:55:56 PDT"]
[Termination "dmosesov won on time"]

1. d4 Nf6 2. Nf3 b6 3. e3 Bb7 4. Bd3 g6 5. b3 Bg7 6. Bb2 O-O 7.
O-O c5 8. c4 cxd4 9. Nxd4 d5 10. Nc3 e5 11. Nde2 e4 12. Bc2 dxc4 13. bxc4 Nbd7 14.
Ba3 Nc5 15. Rb1 Bc6 16. Nd4 Qc8 17. Nxc6 Qxc6 18. Nd5 Rfe8 19. f3 Nxd5 20. cxd5 Qc7 21. fxe4 Nxe4 22. d6 Qc3 23. Bxe4 Rxe4 24. Qd5 Qxe3+ 25.
Kh1 Rf8 26. d7 Rd4 27. Qc6 Qxa3 28. Qc8 Qd6 29. d8=Q Qxd8 30. Qa6 Qd5 31. Qxa7 Rd2 32. Rg1 Bd4 0-1